 Dungeon Crawl Stone Soup version 0.29-a0-838-g385bb11a5b (webtiles) character file.

Game seed: 17200474902064031160

1416 bande the Chopper (level 8, -1/73 HPs)
             Began as a Gargoyle Fighter on July 14, 2022.
             Was a Believer of Okawaru.
             Slain by a centaur (4 damage)
             ... on level 6 of the Dungeon.
             The game lasted 00:09:03 (6117 turns).

bande the Chopper (Gargoyle Fighter)                Turns: 6117, Time: 00:09:03

Health: -1/73      AC: 20    Str: 20    XL:     8   Next: 71%
Magic:  10/10      EV:  2    Int:  9    God:    Okawaru [**....]
Gold:   253        SH: 11    Dex: 11    Spells: 7/7 levels left

rFire   + . .      SeeInvis .   a - +1 war axe (venom)
rCold   + . .      Faith    .   c - +1 buckler
rNeg    + . .      Spirit   .   (body armour currently unavailable)
rPois   ∞          Reflect  +   (helmet currently unavailable)
rElec   +          Harm     .   (cloak currently unavailable)
rCorr   +          Rampage  .   (gloves currently unavailable)
Will    .....      NoTele   +   (boots currently unavailable)
Stlth   +.........              u - amulet of reflection
HPRegen 0.22/turn               (no ring)
MPRegen 0.12/turn               (no ring)

@: tree-form, resistant, corroded, invisible
A: stationary, stasis, torment immunity, boosted hp, sickness immunity, AC +5,
negative energy resistance 1, (electricity resistance), torment resistance 1,
petrification resistance
a: Renounce Religion, Heroism


You were on level 6 of the Dungeon.
You worshipped Okawaru.
Okawaru was pleased with you.
You were a tree.
You visited 2 branches of the dungeon, and saw 7 of its levels.

You collected 253 gold pieces.

Inventory:

Hand Weapons
 a - a +1 war axe of venom (weapon)
 e - a +0 flail
Armour
 b - a +0 scale mail (melded)
 c - a +1 buckler (worn)
 o - a +0 pair of boots (melded)
Jewellery
 f - an amulet of the acrobat
 u - an amulet of reflection (around neck)
Wands
 n - a wand of paralysis (17)
 t - a wand of roots (10)
 w - a wand of flame (9)
Scrolls
 g - 2 scrolls of poison
 i - 3 scrolls of enchant weapon
 r - a scroll of noise {unknown}
 v - a scroll of enchant armour
Potions
 d - 3 potions of might
 m - 2 potions of flight
 p - a potion of ambrosia {unknown}
 q - a potion of heal wounds {unknown}
 s - a potion of degeneration {unknown}


   Skills:
 + Level 5.1 Fighting
 + Level 6.1 Axes
 + Level 5.5 Armour
 + Level 4.8 Shields
 * Level 3.6 Invocations
 * Level 3.1 Evocations


You had 7 spell levels left.
You didn't know any spells.
Your spell library contained the following spells:

 Spells                   Type           Power      Damage    Failure   Level
 Shock                    Conj/Air       0%         1d3       45%         1
 Blink                    Tloc           0%         N/A       61%         2
 Gell's Gravitas          Tloc           0%         N/A       83%         3
 Lesser Beckoning         Tloc           0%         N/A       83%         3
 Swiftness                Air            0%         N/A       83%         3
 Teleport Other           Tloc           0%         N/A       83%         3
 Airstrike                Air            0%         0-1+      99%         4
 Manifold Assault         Tloc           0%         N/A       100%        5
 Chain Lightning          Conj/Air       0%         N/A       100%        9
 Fire Storm               Conj/Fire      0%         5d1       100%        9
 Shatter                  Erth           0%         3d5*      100%        9


Dungeon Overview and Level Annotations

Branches:
Dungeon (6/15)             Temple (1/1) D:4

Altars:
Ashenzari
Cheibriados
Dithmenos
Elyvilon
Fedhas
Gozag
Hepliaklqana
Kikubaaqudgha
Makhleb
Okawaru
Qazlal
Ru
Trog
Vehumet
Wu Jian
Zin
The Shining One

Shops:
D:4 ?

Annotations:
D:6 Grinder


Innate Abilities, Weirdness & Mutations

You are a tree.
Your roots penetrate the ground, keeping you stationary.
You cannot be teleported.
You are immune to unholy pain and torment.
Your maximum health is greatly increased.
Your equipment is partially melded.
You are immune to sickness and miasma.
((Your stone body is resilient. (AC +5)))
You are immune to poison.
You resist negative energy. (rN+)
((You are resistant to electric shocks. (rElec)))
You are resistant to unholy torment.
You are immune to petrification.


Message History

You barely miss Grinder.
Grinder is severely wounded.
You hit the centaur. You hit the jelly.
The jelly is poisoned.
Your hands burn!
* * * LOW HITPOINT WARNING * * *
The centaur hits you but does no damage.
The centaur kicks you but does no damage.
You block the jelly's attack.
Grinder says, "I used to sell toenails on the black market."
You block Grinder's attack.
The centaur hits you but does no damage.
The centaur kicks you but does no damage.
Grinder hits you.
* * * LOW HITPOINT WARNING * * *
The jelly barely misses you.
It was a potion of lignification.
You turn into a tree.
Your +0 pair of boots melds into your body.
Your +0 scale mail melds into your body.
Your roots penetrate the ground.
You block the centaur's attack. x2
The jelly hits you but does no damage. Grinder hits you.
* * * LOW HITPOINT WARNING * * *
You writhe in agony.
* * * LOW HITPOINT WARNING * * *
It was a potion of resistance.
You feel protected.
The centaur hits you but does no damage.
The centaur kicks you but does no damage.
The centaur hits you but does no damage.
You block the centaur's attack. Grinder hits you but does no damage.
You block the jelly's attack.
It was a potion of invisibility.
You fade into invisibility!
You kill the jelly!
Okawaru accepts your kill.
The centaur hits you but does no damage.
You block the centaur's attack.
An orc wizard comes into view. It is wielding a +0 dagger.
Grinder blinks!
It was a potion of magic.
Magic courses through your body.
You block the centaur's attack. x2; The centaur hits you.
You die...

### #..
... ..#
##
#.###.#
##.§.#
#.#..♣.#
#..<.c#
#....#5#
#...###..
#o###.
...# ## #
..# #..
#.


You could see Grinder (unable to see you, poisoned), a centaur (unable to see
you) and an orc wizard (wandering, unable to see you).

Vanquished Creatures
  Eustachio (D:5)
  Edmund (D:5)
  A black bear (D:5)
  A phantom (D:4)
  A bullfrog (D:6)
  4 scorpions
  5 hounds
  3 jellies
  A gnoll bouda (D:5)
  3 iguanas
  Natasha (thrice) (D:2)
  An orc wizard (D:4)
  15 gnolls
  6 adders
  An ufetubus (D:4)
  2 worms
  A dart slug (D:1)
  4 orcs
  5 ball pythons
  13 endoplasms
  4 giant cockroaches
  3 goblins (D:4)
  3 hobgoblins
  4 jackals (D:4)
  5 quokkas
  4 bats
  4 frilled lizards
  3 kobolds
  2 rats
104 creatures vanquished.

Vanquished Creatures (others)
  2 fungi (D:6)
  6 plants
8 creatures vanquished.

Grand Total: 112 creatures vanquished

Notes
Turn   | Place    | Note
-------+----------+-------------------------------------------
     0 | D:1      | bande the Gargoyle Fighter began the quest for the Orb.
     0 | D:1      | Reached XP level 1. HP: 14/14 MP: 1/1
   506 | D:1      | Reached XP level 2. HP: 17/19 MP: 2/2
   853 | D:2      | Reached skill level 2 in Axes
   858 | D:2      | Reached XP level 3. HP: 24/24 MP: 3/3
   984 | D:2      | Found the +3 crown of Dyrovepreva {rElec Int+2 SInv}
  1243 | D:2      | Found a faded altar of an unknown god.
  1267 | D:2      | Noticed Natasha
  1275 | D:2      | Killed Natasha
  1276 | D:2      | Reached XP level 4. HP: 17/29 MP: 4/4
  1731 | D:2      | Noticed Natasha
  1740 | D:2      | Killed Natasha
  1741 | D:2      | Reached skill level 3 in Axes
  1789 | D:2      | Noticed Natasha
  1795 | D:2      | Killed Natasha
  1796 | D:2      | Reached XP level 5. HP: 20/33 MP: 5/5
  3315 | D:4      | Found a staircase to the Ecumenical Temple.
  3328 | Temple   | Entered the Ecumenical Temple
  3467 | Temple   | Became a worshipper of Warmaster Okawaru
  3585 | D:4      | Reached XP level 6. HP: 38/38 MP: 6/6
  3688 | D:4      | Reached skill level 4 in Axes
  3690 | D:4      | Found Erues's Magic Scroll Boutique.
  3696 | D:4      | Reached skill level 1 in Invocations
  3696 | D:4      | Reached skill level 1 in Evocations
  4330 | D:4      | Reached XP level 7. HP: 32/44 MP: 8/8
  4423 | D:5      | Entered Level 5 of the Dungeon
  4442 | D:5      | Noticed Eustachio
  4458 | D:5      | Killed Eustachio
  4458 | D:5      | Reached * piety under Okawaru
  4459 | D:5      | Reached skill level 5 in Axes
  4612 | D:5      | Reached skill level 5 in Armour
  5016 | D:5      | Reached XP level 8. HP: 32/48 MP: 9/9
  5233 | D:5      | Noticed Edmund
  5244 | D:5      | Killed Edmund
  5244 | D:5      | Reached ** piety under Okawaru
  5883 | D:5      | Reached skill level 5 in Fighting
  5893 | D:5      | Reached skill level 6 in Axes
  6102 | D:6      | Noticed Grinder
  6114 | D:6      | HP: 2/73 [Grinder (2)]
  6117 | D:6      | Slain by a centaur

Illustrated notes

Levels and vault maps discovered:
D:1:      amcnicky_arrival_choice, layout_rooms, serial_curves, eino_curves_02,
          eino_curves_02, eino_curves_02, eino_curves_04, minmay_misc_feat_iff,
          nicolae_figureground_sparkle
D:2:      layout_rooms, shapermc_ecumenical_altar_flowoftime, uniq_natasha
D:3:      minmay_spotlight, layout_basic
D:4:      layout_basic, minmay_temple_entry_butterflies, serial_forest,
          infiniplex_forest_lined_2, infiniplex_forest_clump_long,
          infiniplex_forest_clump_small, infiniplex_forest_clump_C,
          infiniplex_forest_fountain, infiniplex_forest_end_2,
          kennysheep_windowed_goal
D:5:      layout_rooms, uniq_edmund, uniq_eustachio
D:6:      nicolae_BIG_FREAKIN_CUBE, layout_basic, mainiacjoe_overflow_alcove_4,
          serial_aquarium, aquarium_bridge_square [aquarium_subvault_wall,
          aquarium_subvault_wall, aquarium_subvault_balcony,
          aquarium_subvault_bridge], aquarium_window_corner,
          aquarium_window_corner, aquarium_view_2d, aquarium_pool_double,
          lightli_ossuary_entry_decrepit_ruins, uniq_maggie, uniq_grinder
Temple:   mainiacjoe_temple_circle_huts

Skill      XL: |  1  2  3  4  5  6  7  8 |
---------------+-------------------------+-----
Axes           | 2 3 4 5 6 |  6.1
Fighting       | 4 5 |  5.1
Armour         | 4 5 |  5.5
Invocations    | 1 2 3 |  3.6
Evocations     | 1 2 3 |  3.1
Shields        | 4 |  4.8

Action                   |  1- 3 |  4- 6 |  7- 9 || total
-------------------------+-------+-------+-------++-------
Melee: War axe           |    73 |   117 |   120 ||   310
  Use: Scroll            |       |     8 |     1 ||     9
       Potion            |       |       |     4 ||     4
Armor: Scale mail        |    39 |    56 |    95 ||   190
       Skin              |       |       |     6 ||     6
Dodge: Dodged            |    36 |    56 |    99 ||   191
Block: Buckler           |    14 |    32 |   109 ||   155
       Reflection        |       |       |     2 ||     2

Table legend: (Time is in decaauts)
 A = Elapsed time spent in this place.
 B = Non-inter-level travel time spent in this place.
 C = Inter-level travel time spent in this place.
 D = Time resting spent in this place.
 E = Time spent auto-exploring this place.
 F = Levels seen in this place.
 G = Mean time per level.
                   A        B        C        D        E       F      G
               +--------+--------+--------+--------+--------+-----+--------+
         Total |   6225 |   6148 |     77 |   2239 |   3008 |   7 |  889.3 |
       Dungeon |   6058 |   6014 |     44 |   2239 |   2892 |   6 | 1009.7 |
        Temple |    166 |    133 |     33 |      0 |    116 |   1 |  166.0 |
               +--------+--------+--------+--------+--------+-----+--------+

Top non-repeatable levels by time:
     D:4: 1530 daAuts
     D:2: 1349 daAuts
     D:5: 1180 daAuts
     D:3: 1118 daAuts
     D:1: 863 daAuts
  Temple: 166 daAuts
     D:6: 16 daAuts
